 Dungeon Crawl Stone Soup version 0.23.2-1-ga50397a6bc (webtiles) character file.

Game seed: 13335500345654460156

107 Mrkan the Shield-Bearer (level 4, -1/28 HPs)
             Began as a Gargoyle Fighter on May 14, 2019.
             Slain by a hound (4 damage)
             ... on level 4 of the Dungeon.
             The game lasted 00:05:54 (2899 turns).

Mrkan the Shield-Bearer (Gargoyle Fighter)          Turns: 2899, Time: 00:05:55

Health: -1/28      AC: 10    Str: 19    XL:     4   Next: 85%
Magic:  4/4        EV:  7    Int: 10    God:
Gold:   136        SH:  9    Dex:  9    Spells: 3/3 levels left

rFire    . . .     SeeInvis .   a - +0 flail
rCold    . . .     Gourm    .   c - +0 shield
rNeg     + . .     Faith    .   b - +0 scale mail
rPois    ∞         Spirit   .   (no helmet)
rElec    +         Reflect  .   (no cloak)
rCorr    .         Harm     .   (no gloves)
MR       .....                  (no boots)
Stlth    ..........             (no amulet)
HPRegen  0.09/turn              (no ring)
MPRegen  0.09/turn              (no ring)

@: no status effects
A: negative energy resistance 1, electricity resistance, unbreathing,
petrification resistance, rot immunity, AC +3
a: no special abilities


You were on level 4 of the Dungeon.
You were near starving.

You visited 1 branch of the dungeon, and saw 4 of its levels.

You collected 136 gold pieces.

Inventory:

Hand Weapons
 a - a +0 flail (weapon)
Missiles
 n - 20 poisoned needles
Armour
 b - a +0 scale mail (worn)
 c - a +0 shield (worn)
 j - a +0 cloak
 q - a +0 pair of boots
Jewellery
 r - a cursed -2 ring of slaying {unknown}
Wands
 o - a wand of random effects (7)
Scrolls
 e - 5 scrolls of identify {unknown}
 h - 4 scrolls of teleportation {unknown}
 i - a scroll of amnesia {unknown}
 k - 2 scrolls of blinking {unknown}
 m - 2 scrolls of remove curse {unknown}
 p - a scroll of enchant weapon {unknown}
Potions
 d - a potion of might
 g - a potion of lignification {unknown}
 l - 2 potions of resistance {unknown}
 s - 2 potions of haste {unknown}
Comestibles
 f - 8 rations


   Skills:
 - Level 3.2 Fighting
 * Level 3.7 Maces & Flails
 + Level 4.1 Armour
 + Level 4.1 Shields


You had 3 spell levels left.
You didn't know any spells.
Your spell library was empty.

Dungeon Overview and Level Annotations

Branches:
Dungeon (4/15)
 Temple: D:4-7

Altars:
Ashenzari
Fedhas
Kikubaaqudgha
Nemelex Xobeh
Yredelemnul

Annotations:
D:3 Grinder


Innate Abilities, Weirdness & Mutations

You are resistant to torment.
Your stone body is resilient. (AC +3)
You are immune to poison.
You resist negative energy. (rN+)
You are resistant to electric shocks. (rElec)
You can survive without breathing.
You are immune to petrification.
You are immune to rotting.


Message History

You block the worker ant's attack. You block the hound's attack.
The hound bites you.
* * * LOW HITPOINT WARNING * * *
The hound closely misses you. You block the frilled lizard's attack.
The worker ant bites you but does no damage.
The hound bites you but does no damage.
Found a leather armour.
The hound barely misses you.
An orc comes into view. It is wielding a +0 whip.
The orc shouts!
The hound bites you but does no damage. The hound barely misses you.
Found a ring mail.
The hound stops to sniff the ground.
You block the hound's attack.
Found 16 gold pieces.
Found an escape hatch in the ceiling.
The hound bites you.
You die...

.# ##.. .#.# # ..##
...# #. #
.....#####... ....# ##
.##....#..# .#.#..#.
.. .....#@#.# ........
# #...h.# #.#...# #
.##.#a.####.....#####
.........l............
.[##.............#####
.< #....###...##.#....
# #..#.###o.###......
....#..[...o.!..oo..
#.##.#...#.###o......


You could see a hound, a worker ant and a frilled lizard.

Vanquished Creatures
  An adder (D:2)
  An adder skeleton (D:3)
  2 dart slugs
  6 leopard geckos
  3 orcs
  A ball python (D:2)
  2 bats
  2 giant cockroaches
  2 gnoll zombies (D:3)
  4 hobgoblins
  7 jackals
  5 kobolds
  2 quokkas (D:3)
  2 frilled lizards (D:1)
  10 goblins
  5 rats
55 creatures vanquished.

Vanquished Creatures (others)
  An orc wizard (D:4)
  A fungus (D:3)
2 creatures vanquished.

Grand Total: 57 creatures vanquished

Notes
Turn   | Place    | Note
-------+----------+-------------------------------------------
     0 | D:1      | Mrkan the Gargoyle Fighter began the quest for the Orb.
     0 | D:1      | Reached XP level 1. HP: 14/14 MP: 1/1
   190 | D:1      | Reached XP level 2. HP: 14/19 MP: 2/2
   482 | D:1      | Reached XP level 3. HP: 20/23 MP: 3/3
  1236 | D:2      | Found a sparkling altar of Nemelex Xobeh.
  1555 | D:2      | Found a shattered altar of Ashenzari.
  1895 | D:3      | Found a blossoming altar of Fedhas.
  1923 | D:3      | Reached XP level 4. HP: 28/28 MP: 4/4
  1967 | D:3      | Noticed Grinder
  1970 | D:3      | Paralysed by Grinder for 5 turns
  2003 | D:3      | Paralysed by Grinder for 6 turns
  2015 | D:3      | Paralysed by Grinder for 4 turns
  2613 | D:3      | Found a basalt altar of Yredelemnul.
  2676 | D:3      | Found an ancient bone altar of Kikubaaqudgha.
  2859 | D:3      | HP: 1/28 [something (1)]
  2899 | D:4      | Slain by a hound

Skill      XL: |  1  2  3  4 |
---------------+-------------+-----
Maces & Flails | 3 |  3.7
Shields        | 4 |  4.1
Armour         | 4 |  4.1
Fighting       | |  3.2

Action                   |  1- 3 |  4- 6 || total
-------------------------+-------+-------++-------
Melee: Flail             |   156 |   121 ||   277
Evoke: Wand              |       |     5 ||     5
  Eat: Chunk             |     2 |     3 ||     5
Armor: Scale mail        |    89 |   114 ||   203
Dodge: Dodged            |    42 |    49 ||    91
Block: Shield            |    80 |    75 ||   155
